 Dungeon Crawl Stone Soup version 0.30.0-29-ga12c61a403 (webtiles) character file.

Game seed: 5080232824994489221

98 Graphine the Poker (level 4, -1/35 HPs)
             Began as a Merfolk Gladiator on June 13, 2023.
             Was an Initiate of Ashenzari.
             Slain by a kobold
             ... wielding a +0 short sword
              (4 damage)
             ... on level 3 of the Dungeon.
             The game lasted 00:07:36 (2226 turns).

Graphine the Poker (Merfolk Gladiator)              Turns: 2226, Time: 00:07:37

Health: -1/35      AC:  4    Str: 16    XL:     4   Next: 71%
Magic:  4/4        EV: 13    Int:  7    God:    Ashenzari [......]
Gold:   182        SH:  0    Dex: 15    Spells: 2/3 levels left

rFire   . . .        a - +0 trident
rCold   . . .        (no shield)
rNeg    . . .        b - +0 leather armour
rPois   .            c - +0 helmet
rElec   .            (no cloak)
rCorr   .            (no gloves)
SInv    .            (no boots)
Will    .....        (no amulet)
Stlth   +            (no ring)
HPRegen 0.25/turn    (no ring)
MPRegen 0.09/turn

%: no passive effects
@: mighty, brilliant
A: (nimble swimmer 2), mertail
a: Renounce Religion


You were on level 3 of the Dungeon.
You worshipped Ashenzari.
Ashenzari was noncommittal.
You visited 1 branch of the dungeon, and saw 4 of its levels.

You collected 196 gold pieces.
You spent 14 gold pieces at shops.

Inventory:

Hand Weapons
 a - a +0 trident (weapon)
 n - a +0 trident
Missiles
 e - a javelin
 o - a throwing net
Armour
 b - a +0 leather armour (worn)
 c - a +0 helmet (worn)
Scrolls
 d - a scroll of magic mapping
 m - 2 scrolls of silence
 q - a scroll of enchant weapon {unknown}
 u - a scroll of amnesia {unknown}
Potions
 f - a potion of mutation {unknown}
 g - a potion of flight {unknown}
 h - a potion of magic {unknown}
 i - 2 potions of brilliance
 j - 6 potions of degeneration
 k - a potion of might
 l - a potion of resistance {unknown}
 p - 2 potions of curing {unknown}
 r - a potion of lignification {unknown}
 s - a potion of ambrosia {unknown}
 t - a potion of cancellation {unknown}


   Skills:
 * Level 3.2 Fighting
 * Level 5.0 Polearms
 - Level 2.7 Throwing
 * Level 4.9 Dodging
 + Level 0.1 Spellcasting
 * Level 0.1 Transmutations


You had 2 spell levels left.
You knew the following spells:

 Your Spells              Type           Power      Damage    Failure   Level
a - Sting                 Tmut/Pois      0%         1d3       50%         1

Your spell library contained the following spells:

 Spells                   Type           Power      Damage    Failure   Level
 Blink                    Tloc           0%         N/A       65%         2
 Poisonous Vapours        Pois/Air       0%         N/A       65%         2
 Manifold Assault         Tloc           0%         N/A       99%         4
 Olgreb's Toxic Radiance  Pois           0%         N/A       99%         4
 Storm Form               Tmut/Air       0%         N/A       100%        7


Dungeon Overview and Level Annotations

Branches:
Dungeon (4/15)
 Temple: D:4-7

Altars:
Ashenzari
Xom

Shops:
D:2 !


Innate Abilities, Weirdness & Mutations

((You are very nimble when in or above water. (Stealth+, EV+, Speed+++)))
Your lower body shifts to a powerful aquatic tail in water.


Message History

Reach: a) +0 trident
Press: ? - help, Dir - move target, f/p - kobold
Aim: a kobold, wielding a +0 dagger and quivering stones (moderately wounded, about 47% to evade your +0 trident)
You hit the kobold but do no damage.
The kobold is moderately wounded.
The kobold barely misses you. The kobold closely misses you.
The kobold hits you with a +0 short sword.
The kobold hits you with a +0 dagger.
* * * LOW HITPOINT WARNING * * *
The kobold hits you with a +0 dagger.
* * * LOW HITPOINT WARNING * * *
It was a potion of brilliance.
You feel clever all of a sudden. The kobold closely misses you.
The kobold hits you with a +0 club.
* * * LOW HITPOINT WARNING * * *
The kobold barely misses you. The kobold closely misses you.
The kobold barely misses you.
It was a potion of might.
You feel very mighty all of a sudden.
The kobold hits you but does no damage. x2
The kobold hits you with a +0 short sword.
* * * LOW HITPOINT WARNING * * *
The kobold hits you with a +0 dagger.
* * * LOW HITPOINT WARNING * * *
The kobold hits you but does no damage.
You miss the kobold.
The kobold is moderately wounded.
The kobold hits you with a +0 short sword.
* * * LOW HITPOINT WARNING * * *
The kobold closely misses you. The kobold misses you.
The kobold hits you but does no damage. The kobold misses you.
You completely miss the kobold.
The kobold is moderately wounded.
The kobold closely misses you. x2; The kobold completely misses you.
The kobold closely misses you. The kobold hits you but does no damage.
You completely miss the kobold.
The kobold is moderately wounded.
The kobold hits you but does no damage. x2
The kobold hits you with a +0 short sword.
You die... ##....## #.# #.#.## #####..#########....# #.# #.)..# ...........##.|.....# #.####.#.# .#####.###.##.......# #....._..# .# #.# #.##.......# ######.### '### #.# #.##.......# #..## ...# .# #.# #.....# ##... ...# .. #.# #KKK#

############# ...# ##.#.#
##K@K###............ ...# #.#.#
#.....##.##########. ...#
#...###...####.# ####.. ...#
#.....### #.# #....# ...#
#.###...## #.# #.####
...#######.#####..###.######'####
...........#.......##.##.........
...###....##.......##.##.........
...# #....++....[..'...#.........


You could see 5 kobolds.

Vanquished Creatures
  A gnoll (D:2)
  4 adders (D:2)
  2 worms
  An orc (D:3)
  3 bats (D:2)
  5 endoplasms
  2 giant cockroaches
  7 goblins
  5 hobgoblins
  2 jackals (D:2)
  4 kobolds
  2 quokkas
  2 ball pythons (D:1)
  A frilled lizard (D:2)
  A rat (D:2)
42 creatures vanquished.

Notes
Turn   | Place    | Note
-------+----------+-------------------------------------------
     0 | D:1      | Graphine the Merfolk Gladiator began the quest for the Orb.
     0 | D:1      | Reached XP level 1. HP: 16/16 MP: 1/1
   464 | D:1      | Reached XP level 2. HP: 22/23 MP: 2/2
   724 | D:2      | Found a shimmering altar of Xom.
   783 | D:2      | Reached XP level 3. HP: 28/28 MP: 3/3
  1084 | D:2      | Reached XP level 4. HP: 12/35 MP: 4/4
  1239 | D:2      | Found Daddigei's Distillery.
  1259 | D:2      | Bought a potion of degeneration for 14 gold pieces
  1505 | D:2      | Learned a level 1 spell: Sting
  1897 | D:3      | You fall into a shaft and drop 1 floor!
  1904 | D:4      | Noticed an ogre
  1937 | D:3      | Found a broken altar of Ashenzari.
  1949 | D:3      | Became a worshipper of Ashenzari the Shackled
  2211 | D:3      | Reached skill level 5 in Polearms
  2226 | D:3      | Slain by a kobold

Illustrated notes

Levels and vault maps discovered:
D:1:      matt_arrival_spirals, layout_basic, nicolae_wormholes
D:2:      kennysheep_the_goblin_king, layout_rooms, serial_shops,
          nicolae_shop_industrial_runoff, basic_altar, kennysheep_generic_room_3
D:3:      cheibrodos_fertilizer, layout_basic, ashenzari_altar_1
D:4:      minmay_chambers_of_twos, layout_cave_pools, vehumet_statue,
          kennysheep_diamond, uniq_pikel

Skill      XL: |  1  2  3  4 |
---------------+-------------+-----
Fighting       | 3 |  3.2
Polearms       | 5 |  5.0
Throwing       | |  2.7
Dodging        | |  4.9
Spellcasting   | |  0.1
Transmutations | |  0.1

Action                     |  1- 3 |  4- 6 || total
---------------------------+-------+-------++-------
  Melee: Trident           |   131 |    72 ||   203
         Punch             |       |     3 ||     3
  Throw: Throwing net      |     6 |       ||     6
    Use: Scroll            |     2 |     1 ||     3
         Potion            |       |     2 ||     2
   Stab: Held in net/web   |     5 |       ||     5
 Armour: Leather armour    |    30 |    25 ||    55
  Dodge: Dodged            |    60 |    83 ||   143
